 Dungeon Crawl Stone Soup version 0.28-a0-1638-g9123634e07 (webtiles) character file.

Game seed: 9381008287632634107

4285 TrogsFancyHat the Geomancer (level 10, -1/66 HPs)
             Began as an Octopode Earth Elementalist on Jan 25, 2022.
             Was a Follower of Vehumet.
             Shot with an arrow by a centaur (9 damage)
             ... on level 8 of the Dungeon.
             The game lasted 00:27:49 (13046 turns).

TrogsFancyHat the Geomancer (OpEE)                 Turns: 13046, Time: 00:27:49

Health: -1/66      AC:  1    Str:  7    XL:     10   Next: 32%
Magic:  15/21      EV: 14    Int: 22    God:    Vehumet [*.....]
Gold:   453        SH:  0    Dex: 13    Spells: 17/23 levels left

rFire   . . .      SeeInvis .   a - +0 trident (venom)
rCold   . . .      Faith    .   (no shield)
rNeg    . . .      Spirit   .   (helmet restricted)
rPois   .          Reflect  .   (no amulet)
rElec   .          Harm     .   (no ring)
rCorr   .          Rampage  .   (no ring)
Will    .....                   (no ring)
Stlth   +++.......              (no ring)
HPRegen 0.21/turn               (no ring)
MPRegen 0.17/turn               (no ring)
                                (no ring)
                                (no ring)

@: no status effects
A: almost no armour, amphibious, 8 rings, camouflage 1, gelatinous body 1,
(nimble swimmer 1), tentacles
a: Renounce Religion


You were on level 8 of the Dungeon.
You worshipped Vehumet.
Vehumet was aware of your devotion.
You visited 2 branches of the dungeon, and saw 10 of its levels.

You collected 453 gold pieces.

Inventory:

Hand Weapons
 a - a +0 trident of venom (weapon)
Missiles
 b - 219 stones
Armour
 u - an orb of light
Wands
 w - a wand of flame (21)
Scrolls
 d - a scroll of enchant armour {unknown}
 h - a scroll of torment {unknown}
 i - 2 scrolls of blinking
 j - a scroll of magic mapping {unknown}
 k - a scroll of holy word {unknown}
 m - 3 scrolls of teleportation
 n - 2 scrolls of amnesia
 p - a scroll of noise {unknown}
 q - a scroll of enchant weapon {unknown}
Potions
 c - 2 potions of cancellation
 e - a potion of lignification {unknown}
 f - a potion of resistance {unknown}
 g - 6 potions of curing
 l - a potion of ambrosia {unknown}
 o - a potion of degeneration {unknown}
 r - 3 potions of haste {unknown}
 s - a potion of attraction {unknown}
 t - a potion of brilliance {unknown}
 v - a potion of invisibility {unknown}


   Skills:
 + Level 5.2 Fighting
 + Level 3.6 Dodging
 - Level 2.6 Stealth
 + Level 7.4 Spellcasting
 + Level 7.3 Conjurations
 - Level 1.0 Transmutations
 + Level 8.4 Earth Magic


You had 17 spell levels left.
You knew the following spells:

 Your Spells              Type           Power      Damage    Failure   Level
a - Sandblast             Erth           90%        2d19      1%          1
b - Passwall              Tmut/Erth      23%        N/A       1%          2
c - Stone Arrow           Conj/Erth      84%        3d12      1%          3

Your spell library contained the following spells:

 Spells                   Type           Power      Damage    Failure   Level
 Magic Dart               Conj           100%       1d8       1%          1
 Corpse Rot               Necr/Air       16%        N/A       12%         2
 Ensorcelled Hibernation  Hex/Ice        16%        N/A       12%         2
 Petrify                  Tmut/Erth      28%        N/A       12%         4
 Swiftness                Air            8%         N/A       24%         3
 Dispel Undead            Necr           8%         3d8       61%         4
 Death Channel            Necr           4%         N/A       100%        6


Dungeon Overview and Level Annotations

Branches:
Dungeon (9/15)             Temple (1/1) D:5            Lair (0/6) D:8
    Orc: D:9-12

Altars:
Ashenzari
Dithmenos
Elyvilon
Fedhas
Gozag
Hepliaklqana
Kikubaaqudgha
Makhleb
Nemelex Xobeh
Okawaru
Qazlal
Ru
Sif Muna
Trog
Uskayaw
Vehumet
Wu Jian
Xom
Yredelemnul
Zin
The Shining One
Beogh

Annotations:
D:2 1 runed translucent door, Crazy Yiuf
D:3 3 runed translucent doors, Bediveer's ghost, weakling SpAr
D:7 1 transporter


Innate Abilities, Weirdness & Mutations

You cannot wear most types of armour.
You are amphibious.
You can wear up to eight rings at the same time.
Your skin changes colour to match your surroundings (Stealth+).
Your rubbery body absorbs attacks. (AC +1, EV +1)
((You are camouflaged when in or above water. (Stealth+)))
You have tentacles for arms and can constrict up to eight enemies at once.


Message History

Press: ? - help, Shift-Dir - straight line, f - orc
Aim: an orc, wielding a +0 whip (76% to hit)
The stone arrow hits the orc!
You kill the orc!
Vehumet accepts your kill. Something hits you.
Casting: Stone Arrow (safe; 1% risk of failure)
Confirm with . or Enter, or press ? or * to list all spells.
Aiming: Stone Arrow (safe; 1% risk of failure)
Press: ? - help, Shift-Dir - straight line Something hits you.
Casting: Stone Arrow (safe; 1% risk of failure)
Confirm with . or Enter, or press ? or * to list all spells.
Aiming: Stone Arrow (safe; 1% risk of failure)
Press: ? - help, Shift-Dir - straight line The stone arrow hits something!!
Vehumet accepts your kill.
Reactivating autopickup.
You feel a bit more experienced.
You start resting.
A centaur is nearby!
A centaur is nearby!
A centaur is nearby!
The centaur shouts!
The centaur shoots an arrow.
The arrow hits you!
The centaur shoots an arrow.
The arrow closely misses you.
The centaur shoots an arrow.
The arrow hits you.
The centaur shoots an arrow.
The arrow misses you.
The centaur shoots an arrow.
The arrow barely misses you.
There's something in the way.
The centaur shoots an arrow.
The arrow hits you!
The centaur shoots an arrow.
The arrow hits you!
* * * LOW HITPOINT WARNING * * *
The centaur shoots an arrow.
The arrow hits you.
* * * LOW HITPOINT WARNING * * *
You feel better.
The centaur shoots an arrow.
The arrow barely misses you.
The centaur shoots an arrow.
The arrow hits you.
* * * LOW HITPOINT WARNING * * *
The centaur shoots an arrow.
The arrow hits you!
You die...

.......#'##.##.#####.....#.#
##.#.)......##.............#
##.#..>...........####...#####
...#.#.).c........#...)#.....#
..................#....#.....####
..##.#............#....'.........
..##..............#...)#..)......
..##'#............#....#...).....
...........#....@......#.....<...
#..........#######)(...##########
#..........# #<).....#
#..........# #########
#.......)..# #.....###### #>....#
#.....# #.....#


You could see a centaur.

Vanquished Creatures
  A cyclops (D:8)
  Psyche (D:8)
  A yak (D:8)
  3 water moccasins (D:8)
  2 orc warriors
  5 black bears
  3 sky beasts
  2 ogres (D:4)
  An ice beast (D:5)
  A phantom (D:5)
  2 kobold brigands (D:8)
  3 bullfrogs
  5 scorpions
  A gnoll sergeant (D:4)
  5 killer bees (D:8)
  2 howler monkeys (D:5)
  3 bullfrog skeletons
  A jelly (D:4)
  2 orc priests
  5 hounds
  Jessica (D:2)
  6 orc wizards
  Natasha (thrice) (D:2)
  3 iguanas
  A hound skeleton (D:4)
  A howler monkey zombie (D:5)
  3 gnolls (D:8)
  2 howler monkey skeletons
  4 adders
  A shadow imp (D:7)
  4 dart slugs
  46 orcs
  3 bats
  9 endoplasms
  4 giant cockroaches
  11 hobgoblins
  6 jackals
  8 quokkas
  10 ball pythons
  A frilled lizard (D:1)
  8 goblins
  22 kobolds
  4 rats
210 creatures vanquished.

Vanquished Creatures (others)
  A centaur zombie (D:6)
  67 fungi
  47 plants
  4 toadstools (D:1)
119 creatures vanquished.

Grand Total: 329 creatures vanquished

Notes
Turn   | Place    | Note
-------+----------+-------------------------------------------
     0 | D:1      | TrogsFancyHat the Octopode Earth Elementalist began the
                  | quest for the Orb.
     0 | D:1      | Reached XP level 1. HP: 11/11 MP: 3/3
   415 | D:1      | Reached XP level 2. HP: 17/17 MP: 5/5
   805 | D:1      | Reached XP level 3. HP: 18/21 MP: 6/6
  1521 | D:2      | Learned a level 2 spell: Passwall
  1525 | D:2      | Learned a level 3 spell: Stone Arrow
  1819 | D:2      | Noticed Natasha
  1832 | D:2      | Killed Natasha
  1833 | D:2      | Reached skill level 1 in Conjurations
  1833 | D:2      | Reached XP level 4. HP: 13/27 MP: 6/8
  2165 | D:2      | Reached skill level 4 in Earth Magic
  2167 | D:2      | Noticed Natasha
  2172 | D:2      | Killed Natasha
  2299 | D:2      | Found a runed translucent door.
  2300 | D:2      | Noticed Crazy Yiuf
  2403 | D:2      | Noticed Natasha
  2434 | D:2      | Found a faded altar of an unknown god.
  2459 | D:2      | Noticed Jessica
  2462 | D:2      | Found a hazy altar of Hepliaklqana.
  2475 | D:2      | Killed Jessica
  2476 | D:2      | Reached XP level 5. HP: 30/31 MP: 7/10
  2671 | D:2      | Killed Natasha
  3404 | D:3      | Found a runed translucent gate.
  3404 | D:3      | Found a runed translucent gate.
  3404 | D:3      | Found a runed translucent gate.
  3410 | D:3      | Noticed a kobold brigand
  3410 | D:3      | Noticed Bediveer's ghost (weakling SpAr)
  3988 | D:4      | Reached XP level 6. HP: 8/36 MP: 8/11
  4995 | D:4      | Reached skill level 5 in Earth Magic
  5352 | D:4      | Reached XP level 7. HP: 14/41 MP: 8/13
  5770 | D:4      | Found a blossoming altar of Fedhas.
  7023 | D:5      | Entered Level 5 of the Dungeon
  7082 | D:5      | Found a staircase to the Ecumenical Temple.
  7323 | D:5      | Reached skill level 5 in Spellcasting
  7323 | D:5      | Reached skill level 6 in Earth Magic
  7323 | D:5      | Reached XP level 8. HP: 43/46 MP: 5/15
  7505 | Temple   | Entered the Ecumenical Temple
  8197 | D:6      | Reached skill level 5 in Conjurations
  8454 | D:6      | Found a radiant altar of Vehumet.
  8486 | D:6      | Reached skill level 1 in Fighting
  8504 | D:6      | Found a glowing silver altar of Zin.
  9003 | D:6      | Found a runed translucent door.
  9873 | D:6      | Became a worshipper of Vehumet
  9946 | D:7      | Reached skill level 7 in Earth Magic
  9946 | D:7      | Reached XP level 9. HP: 55/55 MP: 13/18
 10068 | D:7      | Found a hazy altar of Hepliaklqana.
 10073 | D:7      | Found an ornate altar of the Wu Jian Council.
 10079 | D:7      | Found an opulent altar of Gozag.
 10271 | D:7      | Found a sparkling altar of Nemelex Xobeh.
 10271 | D:7      | Found a transporter.
 10271 | D:7      | Noticed a centaur warrior
 10272 | D:7      | Noticed a cyclops
 11445 | D:8      | Noticed Psyche
 11451 | D:8      | Killed Psyche
 11581 | D:8      | Reached * piety under Vehumet
 11581 | D:8      | Offered knowledge of Magic Dart by Vehumet.
 11740 | D:8      | Reached skill level 8 in Earth Magic
 11894 | D:8      | Noticed a cyclops
 11900 | D:8      | Killed a cyclops
 11901 | D:8      | Reached XP level 10. HP: 63/65 MP: 7/20
 11986 | D:8      | Reached skill level 5 in Fighting
 12543 | D:8      | Found a staircase to the Lair.
 12656 | D:8      | Found a bloodstained altar of Trog.
 13046 | D:8      | Shot with an arrow by a centaur

Illustrated notes

Levels and vault maps discovered:
D:1:      ldierk_water_garden, layout_basic, st_stairs_1
D:2:      layout_basic, hellmonk_ecumenical_altar_crossroads, basic_altar,
          uniq_jessica, uniq_crazy_yiuf_cottage, uniq_natasha
D:3:      layout_loops_ring, gammafunk_ghost_nasty_kobolds
D:4:      minmay_chambers_of_threes, layout_basic, fedhas_altar_1,
          minmay_misc_feat_square, hangedman_decor_slide_cut
D:5:      layout_loops_ring, temple_fountains
D:6:      layout_loops_corners, zin_academy, fiery_altar_vehumet,
          lightli_church_of_beogh
D:7:      layout_basic, minmay_overflow_temple_star_quad,
          grunt_nemelex_the_gamble
D:8:      layout_basic, mainiacjoe_overflow_alcove_2,
          due_lair_maze_entry_diamond, uniq_psyche
D:9:      layout_stronghold, minmay_fractal_squares_diagonal_5
Temple:   oiseaux_autumnal_temple

Skill      XL: |  1  2  3  4  5  6  7  8  9 10 |
---------------+-------------------------------+-----
Spellcasting   | 3 4 5 6 7 |  7.4
Conjurations   | 1 2 3 4 5 7 |  7.3
Earth Magic    | 4 5 6 7 8 |  8.4
Fighting       | 2 4 5 |  5.2
Dodging        | 3 |  3.6
Stealth        | |  2.6
Transmutations | |  1.0

Action                   |  1- 3 |  4- 6 |  7- 9 | 10-12 || total
-------------------------+-------+-------+-------+-------++-------
Melee: Mace              |    66 |    55 |    12 |       ||   133
       Constrict         |    14 |    17 |    28 |     1 ||    60
       Unarmed           |     3 |       |       |       ||     3
       Tentacles         |     7 |    13 |    20 |     1 ||    41
       Trident           |       |       |    92 |     3 ||    95
 Cast: Sandblast         |     9 |    35 |    81 |     9 ||   134
       Passwall          |       |     1 |       |       ||     1
       Stone Arrow       |       |       |    61 |    15 ||    76
  Use: Scroll            |       |       |       |     6 ||     6
       Potion            |       |       |       |     1 ||     1
 Stab: Sleeping          |    12 |     3 |     2 |       ||    17
Armor: Skin              |    10 |     9 |     6 |     1 ||    26
Dodge: Dodged            |    42 |    57 |    88 |    19 ||   206

Table legend: (Time is in decaauts)
 A = Elapsed time spent in this place.
 B = Non-inter-level travel time spent in this place.
 C = Inter-level travel time spent in this place.
 D = Time resting spent in this place.
 E = Time spent auto-exploring this place.
 F = Levels seen in this place.
 G = Mean time per level.
                   A        B        C        D        E       F      G
               +--------+--------+--------+--------+--------+-----+--------+
         Total |  13152 |  12732 |    420 |   2421 |   8185 |  10 | 1315.2 |
       Dungeon |  12844 |  12463 |    381 |   2421 |   7929 |   9 | 1427.1 |
        Temple |    308 |    269 |     39 |      0 |    256 |   1 |  308.0 |
               +--------+--------+--------+--------+--------+-----+--------+

Top non-repeatable levels by time:
     D:3: 2476 daAuts
     D:7: 1972 daAuts
     D:4: 1836 daAuts
     D:1: 1728 daAuts
     D:6: 1637 daAuts
     D:8: 1179 daAuts
     D:2: 1055 daAuts
     D:5: 947 daAuts
  Temple: 308 daAuts
     D:9: 10 daAuts
